 Dungeon Crawl Stone Soup version 0.19-a0-975-gfff5315 (webtiles) character file.

39 4thArraOfDagon the Skirmisher (level 3, -1/49 HPs)
             Began as a Minotaur Abyssal Knight on July 13, 2016.
             Was a Follower of Lugonu.
             Slain by a river rat (5 damage)
             ... summoned by Eustachio
             ... on level 6 of the Dungeon.
             The game lasted 00:02:54 (729 turns).

4thArraOfDagon the Skirmisher (MiAK)                 Turns: 729, Time: 00:02:55

Health: -1/49      AC: 21    Str: 16    XL:     3   Next: 28%
Magic:  3/3        EV:  2    Int: 10    God:    Lugonu [*.....]
Gold:   39         SH:  0    Dex:  9    Spells: 0 memorised, 2 levels left

rFire  + . .     SeeInvis .     a - +1 hand axe
rCold  x . .     Gourm    .     (armour currently unavailable)
rNeg   + + +     Faith    .     (no shield)
rPois  +         Spirit   .     (helmet currently unavailable)
rElec  .         Dismiss  .     (cloak currently unavailable)
rCorr  .         Reflect  .     (gloves currently unavailable)
SustAt .         Harm     .     (boots currently unavailable)
MR     .....     NoTele   +     (no amulet)
Stlth  +.........               (no ring)
                                h - ring of fire

@: tree-form, not resistant to hostile enchantments, very unstealthy
A: (retaliatory headbutt), (horns 0)
a: Depart the Abyss, Renounce Religion


You were on level 6 of the Dungeon.
You worshipped Lugonu.
Lugonu was aware of your devotion.
You were not hungry.
You were a tree.
You visited 1 branch of the dungeon, and saw 6 of its levels.
You visited the Abyss 1 time.

You collected 39 gold pieces.

Inventory:

Hand Weapons
 a - a +1 hand axe (weapon)
Armour
 b - a +0 leather armour (melded)
Jewellery
 h - a ring of fire (left branch)
Scrolls
 d - 5 scrolls of identify {unknown}
 e - a scroll of remove curse {unknown}
 f - 3 scrolls of amnesia {unknown}
 k - a scroll of magic mapping {unknown}
Potions
 g - a potion of lignification
Comestibles
 c - 3 bread rations


   Skills:
 + Level 4.1 Fighting
 * Level 3.4 Axes
 + Level 2.9 Armour
 - Level 1.1 Dodging
 + Level 2.1 Invocations


You had 2 spell levels left.
You didn't know any spells.

Dungeon Overview and Level Annotations

Branches:
Dungeon (6/15)
 Temple: D:4-7

Altars:

Annotations:
D:6 Eustachio


Innate Abilities, Weirdness & Mutations

((You reflexively headbutt those who attack you in melee.))
((You have a pair of horns on your head.))


Message History

You are too injured to fight recklessly!
Unknown command.
Unknown command.
You turn into a tree.
Your +0 leather armour melds into your body.
Your roots penetrate the ground.
The bat hits you but does no damage. The river rat bites you.
* * * LOW HITPOINT WARNING * * *
Eustachio hits you but does no damage.
Unknown command.
Unknown command.
You completely miss Eustachio.
Eustachio is severely wounded.
You hit the river rat. You hit the bat.
You kill the bat!
The bat's corpse disappears in a puff of smoke!
The bat hits you but does no damage. The river rat barely misses you.
Eustachio hits you but does no damage. The bat hits you but does no damage.
The river rat bites you.
You die...

####
#♣r#
#@b#
#r5#
#.##
#..
###


You could see Eustachio, a crimson imp, 2 river rats and a bat.

Vanquished Creatures
  An adder (D:2)
  3 dart slugs (D:3)
  A giant gecko (D:1)
  2 giant cockroaches
  A goblin (D:2)
  3 hobgoblins
  6 jackals (D:5)
  A bat (D:1)
  2 kobolds
  A rat (D:3)
21 creatures vanquished.

Notes
Turn   | Place    | Note
-------+----------+-------------------------------------------
     0 | Abyss:1  | 4thArraOfDagon the Minotaur Abyssal Knight began the quest for the Orb.
     0 | Abyss:1  | Reached XP level 1. HP: 19/19 MP: 1/1
    46 | Abyss:1  | Noticed a small abomination
    60 | Abyss:1  | Noticed a small abomination
    62 | Abyss:1  | Noticed an orb spider
    72 | Abyss:1  | Noticed a revenant
    74 | D:1      | Escaped the Abyss
   409 | D:2      | Reached XP level 2. HP: 22/27 MP: 2/2
   527 | D:3      | Reached XP level 3. HP: 23/33 MP: 3/3
   575 | D:3      | You fall through a shaft for 2 floors!
   575 | D:5      | Entered Level 5 of the Dungeon
   648 | D:5      | Reached * piety under Lugonu
   648 | D:5      | Reached skill level 4 in Fighting
   694 | D:6      | Noticed Eustachio
   729 | D:6      | Slain by a river rat

Vault maps used:
D:1:      minmay_arrival_widening_spiral_wide, minmay_crystal_room,
          hangedman_abyss_or_decor_stabs
D:2:      ecumenical_altar_1
D:3:      kennysheep_slugbush, first_bread, uniq_sigmund
D:5:      bh_walls_and_bars, uniq_duvessa
D:6:      portal_sewer_entry_e, tso_metal_star, uniq_eustachio

Skill      XL: |  1  2  3 |
---------------+----------+-----
Invocations    | 2 |  2.1
Axes           | 3 |  3.4
Fighting       | 4 |  4.1
Armour         | |  2.9
Dodging        | |  1.1

Action                   || total
-------------------------++-------
Melee: Hand axe          ||    68
       Headbutt          ||     5
Invok: Depart the Abyss  ||     1
  Use: Potion            ||     4
Armor: Leather armour    ||    11
       Skin              ||    44
Dodge: Dodged            ||    35
